 Dungeon Crawl Stone Soup version 0.28.0-53-g5a82cb258f (webtiles) character file.

Game seed: 15819186283691818309

209 Zeld the Conjurer (level 5, 0/28 HPs)
             Began as a Gargoyle Conjurer on May 31, 2022.
             Slain by a wyvern skeleton (3 damage)
             ... on level 3 of the Dungeon.
             The game lasted 00:03:40 (2245 turns).

Zeld the Conjurer (Gargoyle Conjurer)               Turns: 2245, Time: 00:03:40

Health: 0/28       AC:  7    Str: 10    XL:     5   Next: 87%
Magic:  2/11       EV: 11    Int: 21    God:
Gold:   60         SH:  5    Dex:  8    Spells: 5/12 levels left

rFire   . . .      SeeInvis .   (no weapon)
rCold   . . .      Faith    .   (no shield)
rNeg    + . .      Spirit   .   a - +0 robe
rPois   ∞          Reflect  +   (no helmet)
rElec   +          Harm     .   (no cloak)
rCorr   .          Rampage  .   h - +0 pair of gloves
Will    .....                   (no boots)
Stlth   ++........              j - amulet of reflection
HPRegen 0.09/turn               (no ring)
MPRegen 0.12/turn               (no ring)

@: no status effects
A: sickness immunity, AC +4, negative energy resistance 1, electricity
resistance, torment resistance 1, petrification resistance
a: no special abilities


You were on level 3 of the Dungeon.
You visited 1 branch of the dungeon, and saw 3 of its levels.

You collected 60 gold pieces.

Inventory:

Missiles
 i - 36 arrows
 k - 23 bolts
Armour
 a - a +0 robe (worn)
 h - a +0 pair of gloves (worn)
Jewellery
 j - an amulet of reflection (around neck)
Scrolls
 d - a scroll of identify {unknown}
 e - a scroll of fear {unknown}
 g - 2 scrolls of magic mapping {unknown}
Potions
 b - a potion of curing {unknown}
 c - a potion of attraction {unknown}
 f - 3 potions of degeneration {unknown}


   Skills:
 - Level 1.5 Dodging
 + Level 3.9 Stealth
 * Level 4.1 Spellcasting
 + Level 5.3 Conjurations


You had 5 spell levels left.
You knew the following spells:

 Your Spells              Type           Power      Damage    Failure   Level
a - Magic Dart            Conj           100%       1d8       1%          1
b - Searing Ray           Conj           52%        2d6       1%          2
c - Fulminant Prism       Conj/Hex       7%         3d7       36%         4

Your spell library contained the following spells:

 Spells                   Type           Power      Damage    Failure   Level
 Dazzling Flash           Conj/Hex       30%        N/A       12%         3
 Iskenderun's Mystic Bla  Conj/Tloc      15%        2d5       36%         4


Dungeon Overview and Level Annotations

Branches:
Dungeon (3/15)

Altars:


Innate Abilities, Weirdness & Mutations

You are immune to sickness and miasma.
Your stone body is resilient. (AC +4)
You are immune to poison.
You resist negative energy. (rN+)
You are resistant to electric shocks. (rElec)
You are resistant to unholy torment.
You are immune to petrification.


Message History

The water moccasin bites you but does no damage.
Unknown command.
Unknown command.
The searing ray hits the water moccasin!
The water moccasin is severely wounded.
The searing ray hits the quokka!
You kill the quokka!
The water moccasin barely misses you. The water moccasin bites you.
Unknown command.
Unknown command.
The searing ray hits the water moccasin!
The water moccasin is almost dead.
The searing ray hits the wyvern skeleton.
The wyvern skeleton is lightly damaged.
The searing ray misses the hobgoblin.
You finish channelling your searing ray.
The water moccasin bites you!
Unknown command.
Unknown command.
Casting: Searing Ray (safe; 2% risk of failure)
Confirm with . or Enter, or press ? or * to list all spells.
Aiming: Searing Ray (safe; 2% risk of failure)
Press: ? - help, Shift-Dir - straight line, f - wyvern skeleton
Aim: a wyvern skeleton (lightly damaged, 98% to hit)
The searing ray hits the water moccasin.
You kill the water moccasin!
The searing ray hits the wyvern skeleton.
The wyvern skeleton is moderately damaged. (Press . to maintain the ray.)
The hobgoblin shouts!
Your Spellcasting skill increases to level 4!
You have reached level 5!
The wyvern skeleton closely misses you.
There is a stone staircase leading up here.
The wyvern skeleton bites you!
* * * LOW HITPOINT WARNING * * *
The hobgoblin hits you.
* * * LOW HITPOINT WARNING * * *
The wyvern skeleton bites you.
You die...

$.8..#. ..#.####. ...
.....#. ... .........
8...8.. #.. #........
....... #.###.#..)...
..>.... #.##..†.#
.......##.#..#####...
8...8...g...†........
......###.g..#####...
..8.. ##...@..# .#..
#...gZ..# ##
#.........#
##........#
............
.#.........♣♣♣
.....>....♣#
..#.......♣ ........♣


You could see 3 hobgoblins and a wyvern skeleton.

Vanquished Creatures
  A water moccasin (D:3)
  A gnoll (D:3)
  3 adders (D:2)
  2 worms (D:2)
  A dart slug (D:1)
  7 endoplasms
  2 giant cockroaches
  5 goblins
  6 hobgoblins
  8 jackals (D:2)
  4 quokkas
  4 ball pythons
  4 bats
  2 frilled lizards (D:1)
  3 kobolds (D:1)
  4 rats
57 creatures vanquished.

Notes
Turn   | Place    | Note
-------+----------+-------------------------------------------
     0 | D:1      | Zeld the Gargoyle Conjurer began the quest for the Orb.
     0 | D:1      | Reached XP level 1. HP: 10/10 MP: 3/3
   253 | D:1      | Reached XP level 2. HP: 15/15 MP: 3/5
   981 | D:1      | Learned a level 2 spell: Searing Ray
   986 | D:1      | Reached XP level 3. HP: 19/19 MP: 1/7
  1196 | D:2      | Identified the amulet of Hiothagi {*Slow rF+ Regen+ Str+4}
  1535 | D:2      | Reached XP level 4. HP: 24/24 MP: 4/8
  1607 | D:2      | Found a faded altar of an unknown god.
  1658 | D:2      | Learned a level 4 spell: Fulminant Prism
  2039 | D:3      | Reached skill level 5 in Conjurations
  2230 | D:3      | Noticed a water moccasin
  2239 | D:3      | Killed a water moccasin
  2240 | D:3      | Reached XP level 5. HP: 14/28 MP: 2/11
  2245 | D:3      | Slain by a wyvern skeleton

Illustrated notes

Levels and vault maps discovered:
D:1:      dpeg_arrival_pond, layout_loops_cross
D:2:      layout_rooms, shapermc_ecumenical_altar_mp_highgroup,
          grunt_ministairs_8
D:3:      layout_rooms, nicolae_concentric_dashed_squares_mild,
          minmay_stone_trees_small, moated_statue, minmay_misc_feat_roman,
          grunt_ministairs_2

Skill      XL: |  1  2  3  4 |
---------------+-------------+-----
Spellcasting   | 3 4 |  4.1
Stealth        | 3 |  3.9
Conjurations   | 5 |  5.3
Dodging        | |  1.5

Action                   |  1- 3 |  4- 6 || total
-------------------------+-------+-------++-------
Melee: Unarmed           |     3 |    13 ||    16
       Spear             |    18 |       ||    18
       Punch             |     1 |       ||     1
 Cast: Magic Dart        |    41 |     8 ||    49
       Searing Ray       |     4 |    11 ||    15
Armor: Robe              |    12 |    10 ||    22
Dodge: Dodged            |    15 |    15 ||    30
Block: Other             |     2 |     5 ||     7
